 Dungeon Crawl Stone Soup version 0.30.1-4-g462c640d31 (webtiles) character file.

Game seed: 7816467969741989582

125 arthad the Vexing (level 4, 0/22 HPs)
             Began as a Spriggan Hexslinger on Aug 18, 2023.
             Killed by divine providence
             ... invoked by an orc priest
              (11 damage)
             ... on level 3 of the Dungeon.
             The game lasted 00:04:08 (2031 turns).

arthad the Vexing (Spriggan Hexslinger)             Turns: 2031, Time: 00:04:09

Health: 0/22       AC:  2    Str:  6    XL:     4   Next: 82%
Magic:  9/9        EV: 18    Int: 14    God:
Gold:   80         SH:  0    Dex: 17    Spells: 7/8 levels left

rFire   . . .        a - +1 sling
rCold   . . .        (no shield)
rNeg    . . .        c - +0 robe
rPois   .            (helmet restricted)
rElec   .            (no cloak)
rCorr   .            (gloves unavailable)
SInv    +            (boots unavailable)
Will    .....        (no amulet)
Stlth   ++           (no ring)
HPRegen 0.23/turn    (no ring)
MPRegen 0.11/turn

%: no passive effects
@: very quick
A: very small, no large weapons, unfitting armour, see invisible, speed 3
a: no special abilities


You were on level 3 of the Dungeon.
You visited 1 branch of the dungeon, and saw 3 of its levels.

You collected 80 gold pieces.

Inventory:

Hand Weapons
 a - a +1 sling (weapon)
Armour
 c - a +0 robe (worn)
 d - a +0 buckler
Magical Staves
 g - a staff of death
Jewellery
 i - a ring of fire
Scrolls
 b - a scroll of poison
 e - 2 scrolls of fear {unknown}
 f - a scroll of teleportation {unknown}
 h - a scroll of acquirement {unknown}
 k - a scroll of enchant armour {unknown}
Potions
 j - a potion of attraction {unknown}


   Skills:
 * Level 1.5 Fighting
 * Level 2.9 Ranged Weapons
 * Level 3.7 Dodging
 + Level 1.7 Stealth
 * Level 2.7 Spellcasting
 + Level 4.1 Hexes
 + Level 1.2 Translocations


You had 7 spell levels left.
You knew the following spells:

 Your Spells              Type           Power      Damage    Failure   Level
a - Slow                  Hex            52%        N/A       4%          1

Your spell library contained the following spells:

 Spells                   Type           Power      Damage    Failure   Level
 Portal Projectile        Hex/Tloc       18%        N/A       22%         3
 Inner Flame              Hex/Fire       7%         N/A       28%         3
 Cause Fear               Hex            6%         N/A       38%         4
 Dragon Form              Tmut           0%         N/A       100%        7
 Dragon's Call            Summ           0%         N/A       100%        9


Dungeon Overview and Level Annotations

Branches:
Dungeon (3/15)

Altars:


Innate Abilities, Weirdness & Mutations

You are very small and have problems with some larger weapons.
You are too small for most types of armour.
You have supernaturally acute eyesight. (SInv)
You cover ground extremely quickly. (Speed+++)


Message History

You shoot a sling bullet. The sling bullet hits the orc priest.
The orc priest is moderately wounded.
The orc priest closely misses you.
The orc priest looks satisfied for a moment.
You shoot a sling bullet.
The sling bullet closely misses the orc priest.
The orc priest misses you.
You shoot a sling bullet. The sling bullet hits the orc priest.
The orc priest is heavily wounded.
The orc priest calls down the wrath of Beogh upon you.
Pain shoots through your body!
You are too injured to fight recklessly!
You are too injured to fight recklessly!
You are too injured to fight recklessly!
You aren't carrying any items that you can evoke.
Unknown command.
You are too injured to fight recklessly!
Fire: a) +1 sling
Press: ? - help, Shift-Dir - straight line, f/p - orc priest
Aim: an orc priest, wielding a +0 dagger (heavily wounded, 59% to hit)
You shoot a sling bullet.
The sling bullet closely misses the orc priest.
Fire: a) +1 sling
Press: ? - help, Shift-Dir - straight line, f/p - orc priest
Aim: an orc priest, wielding a +0 dagger (heavily wounded, 59% to hit)
You shoot a sling bullet. The sling bullet hits the orc priest.
The orc priest is severely wounded.
The orc priest calls down the wrath of Beogh upon you.
You struggle to resist.
Okay, then.
Unknown command.
Fire: a) +1 sling
Press: ? - help, Shift-Dir - straight line, f/p - orc priest
Aim: an orc priest, wielding a +0 dagger (severely wounded, 59% to hit)
You shoot a sling bullet. The sling bullet hits the orc priest.
The orc priest is almost dead.
The orc priest mumbles some strange prayers to Beogh against you.
Beogh smites you!
Ouch! That really hurt!
You die...

#.##.# .##.##.#
.......# ###.####
###†#########
....†.......#
.......####.#
.##.##.#....######
...............o@##
.......#....#.###.##
..###..####..##
##.#### ..#
#..)..)).# #....#
..###..#####†##
##.##.# ...).o.#
##.###.###.#
...))..# #####...##
#.# .##.####
#...†...# #.# .##o#
#.......# #.#


You could see an orc priest.

Vanquished Creatures
  An orc priest (D:3)
  An orc wizard (D:2)
  A worm (D:2)
  A dart slug (D:3)
  10 orcs
  3 ball pythons
  5 endoplasms
  4 giant cockroaches
  5 goblins
  6 hobgoblins
  3 kobolds (D:1)
  A quokka (D:3)
  4 bats
  3 frilled lizards
  3 rats
51 creatures vanquished.

Notes
Turn   | Place    | Note
-------+----------+-------------------------------------------
     0 | D:1      | arthad the Spriggan Hexslinger began the quest for the Orb.
     0 | D:1      | Reached XP level 1. HP: 9/9 MP: 3/3
   163 | D:1      | Reached skill level 1 in Fighting
   208 | D:1      | Reached XP level 2. HP: 14/14 MP: 5/5
   979 | D:2      | Reached XP level 3. HP: 18/18 MP: 7/7
  1409 | D:2      | Reached skill level 1 in Stealth
  1409 | D:2      | Reached skill level 4 in Hexes
  1463 | D:2      | Found a faded altar of an unknown god.
  1474 | D:2      | Reached XP level 4. HP: 22/22 MP: 8/8
  1681 | D:3      | Noticed a phantom
  1919 | D:3      | Reached skill level 1 in Translocations
  2031 | D:3      | Killed from afar by an orc priest

Illustrated notes

Levels and vault maps discovered:
D:1:      dpeg_arrival_central, layout_basic
D:2:      layout_basic, chequers_ecumenical_altar_simple_redux,
          minmay_crystal_water, hex_intersection
D:3:      layout_loops_cross, mainiacjoe_overflow_paths

Skill      XL: |  1  2  3  4 |
---------------+-------------+-----
Fighting       | 1 |  1.5
Dodging        | 3 |  3.7
Spellcasting   | 2 |  2.7
Stealth        | 1 |  1.7
Hexes          | 4 |  4.1
Translocations | 1 |  1.2
Ranged Weapons | |  2.9

Action                     |  1- 3 |  4- 6 || total
---------------------------+-------+-------++-------
  Melee: Sling             |     3 |       ||     3
   Fire: Sling             |   123 |    91 ||   214
    Use: Potion            |     2 |     1 ||     3
 Armour: Skin              |     3 |       ||     3
         Robe              |     1 |     5 ||     6
  Dodge: Dodged            |    35 |    54 ||    89
